 Dungeon Crawl Stone Soup version 0.31-a0-1074-g0b22e4e0f1 (webtiles) character file.

Game seed: 7000885109045049053

1260 Pecavvi the Poker (level 8, -1/78 HPs)
             Began as a Troll Berserker on Nov 26, 2023.
             Was a Priest of Trog.
             Shot with an arrow by a centaur (4 damage)
             ... on level 8 of the Dungeon.
             The game lasted 01:09:44 (5829 turns).

Pecavvi the Poker (Troll Berserker)                 Turns: 5829, Time: 01:09:44

Health: -1/78      AC:  5    Str: 32    XL:     8   Next: 27%
Magic:  16/16      EV: 11    Int:  3    God:    Trog [***...]
Gold:   229        SH:  0    Dex: 15    Spells: 7/7 levels left

rFire   . . .        I - +2 trident of Destiny {speed, Str+4}
rCold   . . .        (no shield)
rNeg    . . .        a - +1 animal skin
rPois   .            (helmet currently unavailable)
rElec   .            (cloak currently unavailable)
rCorr   .            (gloves unavailable)
SInv    .            (boots unavailable)
Will    .....        (no amulet)
Stlth   ++           l - +6 ring of dexterity
HPRegen 1.13/turn    t - ring of magical power
MPRegen 0.15/turn

%: no passive effects
@: beast-form
A: beast (slay +0), large, unfitting armour, claws 3, regeneration 1, shaggy fur
1, tough skin 1
a: Begin Untransformation, Renounce Religion, Berserk, Trog's Hand


You were on level 8 of the Dungeon.
You worshipped Trog.
Trog was most pleased with you.
You were a hulking beast.
You visited 1 branch of the dungeon, and saw 6 of its levels.

You collected 229 gold pieces.

Inventory:

Hand Weapons
 g - a +0 club
 k - a +0 halberd
 n - a +1 dagger of electrocution
 o - the +5 hand axe "Egezule" {elec, Int+4}
   (You found it on level 4 of the Dungeon)

   Int+4:     It affects your intelligence (+4).
 q - a +0 mace
 v - a +0 whip
 A - a +0 sling
 B - a +0 hand axe
 I - the +2 trident of Destiny (weapon) {speed, Str+4}
   (You found it on level 2 of the Dungeon)

   Str+4:     It affects your strength (+4).
Missiles
 c - 45 stones
 e - 9 boomerangs (quivered)
 h - 4 large rocks
 m - 7 darts of dispersal
Armour
 a - a +1 animal skin (worn)
 d - a +0 robe
 i - the +0 scale mail "Zenarch" {+Blink rC+}
   (You found it on level 4 of the Dungeon)

   rC+:       It protects you from cold.
   +Blink:    It lets you blink.
 p - a +0 plate armour
 r - a +0 ring mail
 u - a +0 robe
 x - a +0 chain mail
 E - the +0 ring mail of Gravitas {Will- Dex+5}
   (You found it on level 2 of the Dungeon)

   Dex+5:     It affects your dexterity (+5).
   Will-:     It decreases your willpower.
 H - a +0 ring mail
 J - a +0 pair of gloves
 N - a +0 leather armour
Jewellery
 l - a +6 ring of dexterity (left claw)
 t - a ring of magical power (right claw)
Talismans
 L - a beast talisman (active)
Scrolls
 s - a scroll of blinking
 M - a scroll of amnesia
Potions
 b - 2 potions of curing
 j - a potion of resistance {unknown}
 w - a potion of attraction {unknown}
 C - a potion of mutation {unknown}
 D - a potion of enlightenment {unknown}
 F - 2 potions of might
 G - a potion of magic {unknown}
 P - a potion of invisibility {unknown}


   Skills:
 * Level 4.3 Fighting
 + Level 1.5 Short Blades
 + Level 0.4 Maces & Flails
 + Level 4.9 Polearms
 + Level 4.7 Dodging
 - Level 1.2 Stealth
 + Level 3.5 Unarmed Combat
 * Level 1.4 Shapeshifting


You had 7 spell levels left.
You didn't know any spells.
Your spell library contained the following spells:

 Spells                   Type           Power      Damage    Failure   Level
 Sting                    Tmut/Pois      0%         1d3       52%         1
 Poisonous Vapours        Pois/Air       0%         N/A       67%         2
 Static Discharge         Conj/Air       0%         3-3/arc   67%         2
 Stone Arrow              Conj/Erth      0%         3d7       88%         3
 Airstrike                Air            0%         2d(0-16)  99%         4
 Animate Armour           Summ/Erth      0%         N/A       99%         4
 Olgreb's Toxic Radiance  Pois           0%         N/A       99%         4
 Summon Lightning Spire   Summ/Air       0%         N/A       99%         4
 Lehudib's Crystal Spear  Conj/Erth      0%         10d2      100%        8


Dungeon Overview and Level Annotations

Branches:
Dungeon (5/15)
 Temple: D:4-7

Altars:
Ashenzari
Kikubaaqudgha
Sif Muna
Trog
Uskayaw
Vehumet

Shops:
D:4 !


Innate Abilities, Weirdness & Mutations

You are a hulking beast.
Your limbs bulge with bestial killing power. (Slay +0)
You are too large for most types of armour.
You have claws for hands.
Your natural rate of healing is unusually fast.
You are covered in fur. (AC +1)
You have tough skin. (AC +1)


Message History

The yak is almost dead.
You closely miss the yak.
The yak is almost dead.
The yak gores you!
* * * LOW HITPOINT WARNING * * *
You puncture the yak!
You kill the yak!
Trog accepts your kill. The yak attacks as it pursues you! The yak gores you!
* * * LOW HITPOINT WARNING * * *
The yak attacks as it pursues you! The yak barely misses you.
The yak misses you. The yak attacks as it pursues you! The yak gores you!
* * * LOW HITPOINT WARNING * * *
You closely miss the yak.
As you read the scroll of teleportation, it crumbles to dust.
You feel strangely unstable. The yak barely misses you.
Blink to where?
Press: ? - help, Dir - move target
Okay, then.
Your surroundings suddenly seem different.
A centaur and an acid dragon come into view.
The centaur shouts!
The centaur wields a +0 orcbow.
The centaur shoots an arrow.
The arrow hits you.
* * * LOW HITPOINT WARNING * * *
You feel better.
The centaur shoots an arrow.
The arrow hits you.
* * * LOW HITPOINT WARNING * * *
Okay, then.
The centaur shoots an arrow.
The arrow barely misses you.
The centaur shoots an arrow.
The arrow closely misses you.
The centaur shoots an arrow.
The arrow hits you!
* * * LOW HITPOINT WARNING * * *
As you read the scroll labelled REPRAE BUUCZON, it crumbles to dust.
It is a scroll of enchant weapon.
Your +0 dagger of electrocution glows red for a moment.
The centaur shoots an arrow.
The arrow closely misses you.
The centaur shoots an arrow.
The arrow hits you.
You die...

.##.##.#
.##.# .S
.##YY ...
.####. ..
#######...
... $. .
#.D..c.D#
... .# #.c#
# ## .#
#..# ...
#..###..#
#..h....#
#..........
##.#...####
#.##..# #..
.... #..
..##. ...
.. . #..#
.#.


You could see an acid dragon and a centaur.

Vanquished Creatures
  Grinder (D:4)
  A wyvern (D:4)
  A yak (D:8)
  A water moccasin (D:8)
  A black bear (D:5)
  A phantom (D:4)
  3 killer bees (D:8)
  2 hounds
  Terence (D:2)
  A sleepcap (D:4)
  2 orc wizards (D:4)
  9 adders
  3 worms
  5 dart slugs
  8 orcs
  7 ball pythons
  10 endoplasms
  6 giant cockroaches
  11 goblins
  8 hobgoblins
  15 jackals
  4 quokkas
  8 bats
  2 frilled lizards
  4 kobolds
  7 rats
122 creatures vanquished.

Notes
Turn   | Place    | Note
-------+----------+-------------------------------------------
     0 | D:1      | Pecavvi the Troll Berserker began the quest for the Orb.
     0 | D:1      | Reached XP level 1. HP: 22/22 MP: 0/0
   372 | D:1      | Reached XP level 2. HP: 27/29 MP: 1/1
   473 | D:1      | Found a faded altar of an unknown god.
  1174 | D:2      | Reached ** piety under Trog
  1175 | D:2      | Reached XP level 3. HP: 35/36 MP: 2/2
  1439 | D:2      | Noticed Terence
  1513 | D:2      | Killed Terence
  1514 | D:2      | Reached skill level 1 in Short Blades
  1514 | D:2      | Reached XP level 4. HP: 24/44 MP: 3/3
  1693 | D:2      | Identified the +0 ring mail of Gravitas {Will- Dex+5}
  1901 | D:2      | Identified the +2 trident of Destiny {speed, Str+4}
  2214 | D:3      | Found a hide-covered altar of Uskayaw.
  2366 | D:3      | Found a bloodstained altar of Trog.
  2485 | D:3      | Reached XP level 5. HP: 32/52 MP: 4/4
  2778 | D:3      | Reached *** piety under Trog
  3267 | D:4      | Found a large runed translucent door.
  3268 | D:4      | Found a large runed translucent door.
  3268 | D:4      | Noticed Grinder
  3279 | D:4      | Found a radiant altar of Vehumet.
  3300 | D:4      | Paralysed by Grinder for 4 turns
  3308 | D:4      | Killed Grinder
  3309 | D:4      | Reached XP level 6. HP: 28/61 MP: 5/5
  3312 | D:4      | Found a broken altar of Ashenzari.
  3375 | D:4      | Noticed a wyvern
  3381 | D:4      | Killed a wyvern
  3382 | D:4      | Reached skill level 1 in Stealth
  3382 | D:4      | Reached XP level 7. HP: 42/67 MP: 6/6
  3564 | D:4      | Identified the +0 scale mail "Zenarch" {+Blink rC+}
  4027 | D:4      | Found Aruerreh's Distillery.
  4287 | D:4      | Identified the +5 hand axe "Egezule" {elec, Int+4}
  4799 | D:5      | Entered Level 5 of the Dungeon
  5217 | D:5      | Found an ancient bone altar of Kikubaaqudgha.
  5426 | D:5      | Found a shimmering blue altar of Sif Muna.
  5660 | D:5      | You fall into a shaft and drop 3 floors!
  5713 | D:8      | Reached XP level 8. HP: 68/78 MP: 7/7
  5779 | D:8      | Reached skill level 1 in Shapeshifting
  5815 | D:8      | HP: 1/78 [yak (11)]
  5827 | D:8      | HP: 1/78 [centaur/arrow (9)]
  5829 | D:8      | Shot with an arrow by a centaur

Illustrated notes

Levels and vault maps discovered:
D:1:      sevenhm_arrival_forest_fort_large_4, layout_loops_ring,
          hellmonk_ecumenical_altar_run_dry, minmay_strange_pillars,
          kennysheep_boxes
D:2:      layout_basic, uniq_terence
D:3:      layout_basic, overflow_temple_1_default, mainiacjoe_overflow_brackets
D:4:      layout_gridville, jmf_multi_god_temple2, serial_shops,
          nicolae_shop_real_fake_doors, chequers_serial_rivers_micro_c,
          minmay_manual_mandibuliform, uniq_grinder
D:5:      layout_basic, kiku_gazebo_pond_becter, led_sif_pool
D:8:      layout_loops_cross, nicolae_gozag_seed_capital,
          mainiacjoe_overflow_alcove_1, zin_statuary, grunt_livestock

Skill      XL: |  1  2  3  4  5  6  7  8 |
---------------+-------------------------+-----
Short Blades   | 1 |  1.5
Dodging        | 3 4 |  4.7
Fighting       | 3 4 |  4.3
Polearms       | 2 3 4 |  4.9
Stealth        | 1 |  1.2
Shapeshifting  | 1 |  1.4
Maces & Flails | |  0.4
Unarmed Combat | |  3.5

Action                     |  1- 3 |  4- 6 |  7- 9 || total
---------------------------+-------+-------+-------++-------
  Melee: Unarmed           |    51 |       |       ||    51
         Punch             |     5 |     4 |     4 ||    13
         Club              |    38 |       |       ||    38
         Dagger            |   105 |    62 |       ||   167
         Halberd           |     9 |       |       ||     9
         Trident           |       |   115 |   124 ||   239
  Throw: Boomerang         |       |       |     1 ||     1
    Use: Potion            |       |     1 |     5 ||     6
         Scroll            |       |     1 |    12 ||    13
   Stab: Sleeping          |       |     1 |       ||     1
 Armour: Animal skin       |   165 |   118 |   119 ||   402
  Dodge: Dodged            |   162 |    97 |    68 ||   327
   Form: Beast             |       |       |     1 ||     1

Table legend: (Time is in decaauts)
 A = Elapsed time spent in this place.
 B = Non-inter-level travel time spent in this place.
 C = Inter-level travel time spent in this place.
 D = Time resting spent in this place.
 E = Time spent auto-exploring this place.
 F = Levels seen in this place.
 G = Mean time per level.
                   A        B        C        D        E       F      G
               +--------+--------+--------+--------+--------+-----+--------+
         Total |   5788 |   5766 |     22 |      0 |      0 |   6 |  964.7 |
       Dungeon |   5788 |   5766 |     22 |      0 |      0 |   6 |  964.7 |
               +--------+--------+--------+--------+--------+-----+--------+

Top non-repeatable levels by time:
     D:4: 1529 daAuts
     D:3: 1246 daAuts
     D:1: 1117 daAuts
     D:2: 1082 daAuts
     D:5: 654 daAuts
     D:8: 158 daAuts
